AoeStats
← PsikopaTT38

African Clearing

510766101Analyzed
4v4 RM · 1d ago on Oct 2, 2026· 13m 28s· 8 players
Game mode
Random Map
Map size
Large (8 player)
Population
200
Speed
Normal
Resources
Standard
Victory
Conquest
Starting age
Dark Age
Ending age
Imperial Age
RankedLock teamsTeams togetherTeam positionsShared explorationLock speedFull tech treeHidden civsTurbo modeCheats
Victory
Defeat
🇨🇴 Portuguese · Colombia
923
+18
🇰🇷 Saxons · South Korea
922
+18
🇹🇷 Goths · Türkiye
901
+18
🇦🇷 Gurjaras · Argentina
871
+19
🇨🇳 Danes · China
977
-20
🇨🇳 Persians · China
957
-18
🇨🇳 Varangians · China
951
-18
🇨🇳 Georgians · China
931
-17
not.matiasz
6:18 Loom
12:04 Feudal Age
Tutmosis
COYS
9:23 Loom
PsikopaTT38
5:16 Loom
怒头堵紧
3:24 Loom
12:52 Feudal Age
月喵喵
10:57 Loom
15:13 Feudal Age
oguri cap
5:26 Loom
羽落S飘零
14:06 Feudal Age
Connection lost

Rejoining the realm…

Still unreachable

The connection could not be restored.

Session expired

The server has moved on; the page needs a fresh start.